 Dungeon Crawl Stone Soup version 0.29-a0-271-gd4eb659eea (webtiles) character file.

Game seed: 4555603990825443475

56836 siradein the Black Sun (level 14, -2/122 HPs)
             Began as a Green Draconian Summoner on Mar 9, 2022.
             Was a High Priest of Kikubaaqudgha.
             Killed from afar by Azrael (29 damage)
             ... with damnation
             ... on level 12 of the Dungeon.
             The game lasted 01:27:14 (23411 turns).

siradein the Black Sun (Green Draconian Summoner)  Turns: 23411, Time: 01:27:16

Health: -2/122     AC: 16    Str: 11    XL:     14   Next: 43%
Magic:  15/27      EV: 13    Int: 21    God:    Kikubaaqudgha [*****.]
Gold:   983        SH: 13    Dex: 11    Spells: 5/31 levels left

rFire   . . .      SeeInvis .   S - +5 demon whip (venom)
rCold   . . .      Faith    .   N - +0 kite shield
rNeg    . . .      Spirit   .   (body armour unavailable)
rPois   +          Reflect  .   (helmet restricted)
rElec   .          Harm     .   A - +1 cloak
rCorr   .          Rampage  .   j - +0 pair of gloves
Will    +....                   e - +0 pair of boots
Stlth   ++........              D - amulet of magic regeneration
HPRegen 0.30/turn               M - +4 ring of protection
MPRegen 0.60/turn               O - ring of wizardry

@: no status effects
A: breathe noxious fumes, AC +8, unfitting armour, stinger 1, poison resistance,
cold-blooded, large bone plates 1, MP-powered wands
a: Breathe Noxious Fumes, Renounce Religion, Receive Corpses, Torment


You were on level 12 of the Dungeon.
You worshipped Kikubaaqudgha.
Kikubaaqudgha was extremely pleased with you.
You visited 3 branches of the dungeon, and saw 19 of its levels.
You also visited: Sewer.

You collected 1246 gold pieces.
You spent 263 gold pieces at shops.

Inventory:

Hand Weapons
 v - the +11 spear "Pooqoh" {venom, *Corrode Will+ SInv}
   (You found it on level 5 of the Dungeon)

   It poisons the flesh of those it strikes.
   SInv:      It lets you see invisible.
   *Corrode:  It may corrode you when you take damage.
   Will:      It increases your willpower.
 y - a +2 vampiric broad axe
 S - a +5 demon whip of venom (weapon)
Missiles
 b - 5 curare-tipped darts
 B - a throwing net
Armour
 e - a +0 pair of boots (worn)
 j - a +0 pair of gloves (worn)
 A - a +1 cloak (worn)
 N - a +0 kite shield (worn)
Jewellery
 c - a ring of positive energy
 C - an amulet of regeneration
 D - an amulet of magic regeneration (around neck)
 M - a +4 ring of protection (left hand)
 O - a ring of wizardry (right hand)
 R - a ring of magical power
Wands
 f - a wand of mindburst (24)
 i - a wand of flame (40)
 r - a wand of acid (27)
 F - a wand of digging (4)
 G - a wand of charming (9)
 P - a wand of iceblast (12)
 T - a wand of paralysis (3)
Scrolls
 s - 2 scrolls of brand weapon {unknown}
 u - 3 scrolls of magic mapping {unknown}
 w - 4 scrolls of fog {unknown}
 x - a scroll of blinking
 E - 4 scrolls of teleportation
 H - 3 scrolls of immolation
 J - a scroll of holy word {unknown}
 K - 4 scrolls of noise {unknown}
 L - a scroll of amnesia {unknown}
 Q - 4 scrolls of enchant armour
 V - a scroll of fear
Potions
 a - 3 potions of magic
 d - 6 potions of curing
 g - a potion of resistance
 h - 7 potions of mutation
 k - 2 potions of brilliance
 l - a potion of heal wounds
 m - 5 potions of might
 n - 2 potions of cancellation
 o - a potion of invisibility
 p - 5 potions of attraction
 q - a potion of ambrosia {unknown}
 t - 4 potions of lignification {unknown}
 z - 3 potions of haste {unknown}
Miscellaneous
 U - a box of beasts


   Skills:
 + Level 10.7 Fighting
 + Level 9.7 Maces & Flails
 + Level 9.3 Dodging
 - Level 1.7 Stealth
 + Level 6.6 Shields
 + Level 9.4 Spellcasting
 + Level 10.7 Summonings
 + Level 10.9 Necromancy
 - Level 5.2 Earth Magic
 + Level 1.9 Evocations


You had 5 spell levels left.
You knew the following spells:

 Your Spells              Type           Power      Damage    Failure   Level
a - Summon Small Mammal   Summ           100%       N/A       1%          1
b - Call Imp              Summ           53%        N/A       1%          2
c - Vampiric Draining     Necr           54%        2d9       1%          3
d - Call Canine Familiar  Summ           53%        N/A       1%          3
e - Summon Lightning Spi  Summ/Air       32%        N/A       9%          4
f - Animate Dead          Necr           27%        N/A       1%          4
g - Dispel Undead         Necr           54%        3d20      1%          4
h - Borgnjor's Vile Clut  Necr/Erth      22%        N/A       8%          5

Your spell library contained the following spells:

 Spells                   Type           Power      Damage    Failure   Level
 Animate Skeleton         Necr           100%       N/A       1%          1
 Pain                     Necr           100%       1d9       1%          1
 Summon Guardian Golem    Hex/Summ       32%        N/A       2%          3
 Agony                    Necr           54%        N/A       2%          5
 Excruciating Wounds      Necr           27%        N/A       2%          5
 Apportation              Tloc           18%        N/A       8%          1
 Magic Dart               Conj           36%        1d4       8%          1
 Slow                     Hex            36%        N/A       8%          1
 Sting                    Tmut/Pois      36%        1d4       8%          1
 Anguish                  Hex/Necr       16%        N/A       8%          4
 Poisonous Vapours        Pois/Air       18%        N/A       11%         2
 Confusing Touch          Hex            9%         N/A       21%         3
 Gell's Gravitas          Tloc           9%         N/A       21%         3
 Lesser Beckoning         Tloc           9%         N/A       21%         3
 Mephitic Cloud           Conj/Pois/Air  9%         N/A       21%         3
 Teleport Other           Tloc           9%         N/A       21%         3
 Summon Forest            Summ/Tloc      16%        N/A       22%         5
 Summon Mana Viper        Hex/Summ       32%        N/A       22%         5
 Olgreb's Toxic Radiance  Pois           9%         N/A       54%         4
 Alistair's Intoxication  Tmut/Pois      6%         N/A       86%         5
 Yara's Violent Unravell  Hex/Tmut       4%         3d4       86%         5
 Summon Cactus Giant      Summ           26%        N/A       13%         6
 Conjure Ball Lightning   Conj/Air       4%         3x3d6     100%        6
 Enfeeble                 Hex            4%         N/A       100%        7
 Discord                  Hex            4%         N/A       100%        8
 Disjunction              Tloc           4%         N/A       100%        8
 Chain Lightning          Conj/Air       4%         3d6       100%        9
 Fire Storm               Conj/Fire      4%         8d1       100%        9
 Shatter                  Erth           16%        3d15*     100%        9


Dungeon Overview and Level Annotations

Branches:
Dungeon (12/15)            Temple (1/1) D:7            Lair (6/6) D:9
 Shoals (0/4) Lair:2       Spider (0/4) Lair:4        Slime (0/5) Lair:5
    Orc (0/2) D:11          Sewer (visited)

Altars:
Ashenzari
Cheibriados
Dithmenos
Elyvilon
Fedhas
Gozag
Hepliaklqana
Kikubaaqudgha
Makhleb
Nemelex Xobeh
Okawaru
Qazlal
Ru
Sif Muna
Trog
Uskayaw
Vehumet
Wu Jian
Xom
Yredelemnul
Zin
The Shining One
Jiyva

Shops:
D:5 ?   D:6 [   D:8 *

Annotations:
D:10 1 transporter
D:12 Azrael


Innate Abilities, Weirdness & Mutations

You can breathe blasts of noxious fumes.
Your lurid green scales are hard. (AC +8)
You cannot fit into any form of body armour.
Your tail ends in a venomous barb.
Your system is resistant to poisons. (rPois)
You are cold-blooded and may be slowed by cold attacks.
You are partially covered in large bone plates. (SH +4)
You expend magic power (3 MP) to strengthen your wands.


Message History

The hell hound barely misses you.
Your wolf bites Azrael!
The hell hound barely misses your wolf. Azrael closely misses you.
Your hell hound zombie bites the hell hound!
You feel much better.
Your wolf bites Azrael.
The hell hound completely misses your wolf.
Your hell hound zombie bites the hell hound!
You block Azrael's attack.
Your wolf barely misses Azrael.
The hell hound bites your hell hound zombie but does no damage.
You hit Azrael but do no damage.
Azrael is moderately wounded.
Your wolf barely misses Azrael.
Your hell hound zombie closely misses the hell hound.
Azrael hits you but does no damage.
The hell hound barely misses your hell hound zombie.
Unknown command.
Unknown command.
Unknown command.
You whack Azrael!
Azrael is poisoned.
Azrael is heavily wounded.
Your wolf closely misses Azrael.
Your hell hound zombie barely misses the hell hound.
The hell hound bites your hell hound zombie.
Azrael gestures at you.
The sphere of damnation explodes!
The damnation engulfs you!!
* * * LOW HITPOINT WARNING * * *
The damnation engulfs Azrael.
Azrael completely resists.
The damnation engulfs your wolf!!
Your wolf dies!
Your wolf's corpse disappears in a puff of smoke!
Unknown command.
Unknown command.
Unknown command.
The hell hound bites your hell hound zombie.
Your hell hound zombie bites the hell hound!
The hell hound dies!
Kikubaaqudgha accepts your kill. Azrael gestures at you.
The sphere of damnation explodes!
The damnation engulfs you!!
You die...
Kikubaaqudgha rasps: "You have failed me!
Welcome... death!"

#.....# ##.....# .......# #
#......# .# #......#♣♣♣♣.#
#......#.....
#......###.########
#.@................
..#######§.................
.......ZR.§.....<..........
.........§§................
#############........######
#.....#### ####..# #..#
####


You could see Azrael (very poisoned) and a friendly hell hound zombie.

Vanquished Creatures
  2 hydras
  3 boulder beetles
  Erolcha (D:10)
  5 two-headed ogres (D:10)
  5 death yaks
  Amaemon (Lair:1)
  A cyclops (D:12)
  3 manticores
  5 elephants
  2 black mambas (Lair:4)
  5 cane toads
  A gargoyle (D:11)
  An orange demon (Lair:1)
  2 rime drakes (Lair:1)
  A kobold demonologist (D:7)
  3 komodo dragons
  3 trolls
  A hornet (D:10)
  6 blink frogs
  3 dream sheep (Lair:6)
  Sigmund (D:6)
  34 yaks
  A wraith (D:8)
  A vampire (D:9)
  A shadow (D:9)
  2 culicivoras (Lair:4)
  5 wyverns
  A fire elemental (D:12)
  4 basilisks
  3 steam dragons
  Grum (Lair:1)
  A warg (D:11)
  A two-headed ogre zombie (D:10)
  Edmund (D:6)
  8 water moccasins
  2 hell hounds (D:12)
  4 orc warriors
  3 sky beasts
  2 ice beasts
  16 ogres
  A black bear (Lair:3)
  9 wolves
  2 centaurs
  5 kobold brigands
  10 bullfrogs
  A necrophage (D:8)
  A gnoll sergeant (D:7)
  2 scorpions (D:6)
  5 wights
  2 electric eels
  2 howler monkeys
  A jelly (Sewer)
  Crazy Yiuf (D:6)
  6 orc priests
  A hell rat (Lair:4)
  2 iguanas
  12 orc wizards
  11 gnolls
  2 river rats (Lair:4)
  4 adders
  A shadow imp (D:7)
  2 white imps
  5 worms
  4 dart slugs
  27 orcs
  9 endoplasms
  4 giant cockroaches
  4 goblins
  5 hobgoblins
  8 jackals
  17 kobolds
  10 ball pythons
  5 bats
  5 frilled lizards
  11 rats
  A toadstool (D:1)
344 creatures vanquished.

Vanquished Creatures (collateral kills)
  3 hydras
  2 two-headed ogres (D:10)
  A catoblepas (Lair:6)
  7 death yaks
  Pikel (D:6)
  A manticore (Lair:6)
  3 black mambas
  2 elephants
  A torpor snail (Lair:6)
  5 cane toads
  A gargoyle (D:10)
  2 komodo dragons (Lair:6)
  A wind drake (Lair:2)
  5 blink frogs
  A polar bear (Lair:5)
  12 dream sheep
  A culicivora (Lair:4)
  A jumping spider (Lair:4)
  13 yaks
  2 wyverns
  3 wraiths
  A basilisk (Lair:2)
  A steam dragon (D:7)
  2 hell hounds (D:12)
  5 water moccasins
  2 orc warriors
  A black bear (Lair:1)
  11 wolves
  2 ogres (D:10)
  2 kobold brigands
  5 bullfrogs
  2 gnoll sergeants
  A howler monkey (D:5)
  3 jellies
  3 orc priests (D:11)
  A hell rat (Lair:4)
  3 orc wizards
  An adder (D:2)
  4 gnolls
  5 river rats
  2 worms
  A dart slug (D:4)
  8 orcs
  2 endoplasms
  A giant cockroach (Sewer)
  A hobgoblin (D:1)
  A jackal (D:1)
  4 kobolds
  2 ball pythons (Sewer)
  2 bats (D:1)
  5 frilled lizards
  A goblin (D:3)
  4 rats
157 creatures vanquished.

Vanquished Creatures (others)
  A two-headed ogre (D:8)
  A cane toad (Lair:3)
  An orc warrior (D:8)
  A centaur (D:8)
  An orc (D:8)
  29 fungi
  48 plants
  11 toadstools
93 creatures vanquished.

Grand Total: 594 creatures vanquished

Notes
Turn   | Place    | Note
-------+----------+-------------------------------------------
     0 | D:1      | siradein the Draconian Summoner began the quest for the
                  | Orb.
     0 | D:1      | Reached XP level 1. HP: 14/14 MP: 3/3
    72 | D:1      | Reached XP level 2. HP: 17/22 MP: 0/5
   212 | D:1      | Reached skill level 1 in Fighting
   677 | D:1      | Reached XP level 3. HP: 23/28 MP: 1/6
   680 | D:1      | Learned a level 2 spell: Call Imp
   684 | D:1      | Learned a level 3 spell: Vampiric Draining
  1574 | D:2      | Reached skill level 1 in Maces & Flails
  1574 | D:2      | Reached XP level 4. HP: 18/35 MP: 7/7
  2339 | D:3      | Found a faded altar of an unknown god.
  2517 | D:3      | Found a radiant altar of Vehumet.
  2545 | D:3      | Reached skill level 1 in Necromancy
  3108 | D:4      | Found the +4 robe of Augmentation {Str+4 Int+4 Dex+4}
  3373 | D:4      | Reached XP level 5. HP: 35/41 MP: 6/9
  3384 | D:4      | Found a glowing drain.
  3397 | Sewer    | Entered a sewer
  3402 | Sewer    | Learned a level 3 spell: Call Canine Familiar
  3639 | Sewer    | Found a viscous altar of Jiyva.
  3867 | D:4      | Reached XP level 6. HP: 32/50 MP: 6/10
  4003 | D:4      | Found a burning altar of Makhleb.
  4118 | D:4      | Reached skill level 5 in Summonings
  4893 | D:5      | Entered Level 5 of the Dungeon
  4902 | D:5      | Your scales start taking on a lurid green colour.
  4902 | D:5      | Reached XP level 7. HP: 30/57 MP: 5/12
  4902 | D:5      | Gained mutation: Your system is resistant to poisons.
                  | (rPois) [Green Draconian growth]
  5059 | D:5      | Found Okhew's Magic Scroll Boutique.
  5065 | D:5      | Bought a scroll of identify for 28 gold pieces
  5065 | D:5      | Bought a scroll of identify for 28 gold pieces
  5067 | D:5      | Gained mutation: You tend to lose your temper in combat.
                  | [potion of mutation]
  5067 | D:5      | Gained mutation: Your flesh is heat resistant. (rF+)
                  | [potion of mutation]
  5068 | D:5      | Lost mutation: You tend to lose your temper in combat.
                  | [potion of mutation]
  5068 | D:5      | Lost mutation: Your flesh is heat resistant. (rF+) [potion
                  | of mutation]
  5068 | D:5      | Gained mutation: You tend to lose your temper in combat.
                  | [potion of mutation]
  5069 | D:5      | Lost mutation: You tend to lose your temper in combat.
                  | [potion of mutation]
  5069 | D:5      | Gained mutation: You are partially covered in large bone
                  | plates. (SH +4) [potion of mutation]
  5069 | D:5      | Gained mutation: You expend magic power (3 MP) to
                  | strengthen your wands. [potion of mutation]
  5073 | D:5      | Identified the +11 spear "Pooqoh" {venom, *Corrode Will+
                  | SInv}
  6236 | D:6      | Noticed Sigmund
  6251 | D:6      | Killed Sigmund
  6252 | D:6      | Reached XP level 8. HP: 50/66 MP: 10/14
  6498 | D:6      | Found Ufetzap's Armour Boutique.
  6528 | D:6      | Noticed Edmund
  6540 | D:6      | Killed Edmund
  6599 | D:6      | Noticed Pikel
  6851 | D:6      | Reached skill level 5 in Fighting
  7120 | D:6      | Found a runed translucent door.
  7121 | D:6      | Noticed Crazy Yiuf
  7158 | D:6      | Killed Pikel
  7159 | D:6      | Reached XP level 9. HP: 74/74 MP: 13/16
  7279 | D:6      | Killed Crazy Yiuf
  7384 | D:7      | Reached skill level 5 in Spellcasting
  7551 | D:7      | Reached skill level 5 in Dodging
  7610 | D:7      | Found a hide-covered altar of Uskayaw.
  7637 | D:7      | Found a staircase to the Ecumenical Temple.
  7649 | Temple   | Entered the Ecumenical Temple
  7678 | Temple   | Became a worshipper of Kikubaaqudgha
  7910 | D:7      | Reached skill level 5 in Maces & Flails
  7952 | D:7      | Reached skill level 5 in Necromancy
  8050 | D:7      | Noticed a manticore
  8052 | D:7      | Noticed a boulder beetle
  8081 | D:7      | Killed a boulder beetle
  8095 | D:7      | Noticed a kobold demonologist
  8102 | D:7      | Killed a kobold demonologist
  8103 | D:7      | Reached XP level 10. HP: 84/84 MP: 18/18
  8149 | D:7      | Killed a manticore
  8254 | D:7      | Learned a level 4 spell: Summon Lightning Spire
  8494 | D:8      | Found Udwooveage's General Store.
  8516 | D:8      | Bought a scroll of identify for 26 gold pieces
  8516 | D:8      | Bought a scroll of immolation for 45 gold pieces
  8516 | D:8      | Bought a scroll of enchant weapon for 97 gold pieces
  8516 | D:8      | Bought a scroll of teleportation for 39 gold pieces
  8574 | D:8      | Found a shimmering blue altar of Sif Muna.
  8996 | D:8      | Killed a two-headed ogre
  9022 | D:8      | Found a shimmering altar of Xom.
  9031 | D:8      | Reached * piety under Kikubaaqudgha
  9031 | D:8      | Received a gift from Kikubaaqudgha
 11099 | D:9      | Reached XP level 11. HP: 30/92 MP: 20/20
 11454 | D:9      | Found a staircase to the Lair.
 11941 | D:10     | Entered Level 10 of the Dungeon
 11958 | D:10     | Found a basalt altar of Yredelemnul.
 12001 | D:10     | Found a blossoming altar of Fedhas.
 12216 | D:10     | Found an ornate altar of the Wu Jian Council.
 12350 | D:10     | Reached ** piety under Kikubaaqudgha
 12672 | D:10     | Noticed a two-headed ogre
 12673 | D:10     | Noticed a two-headed ogre
 12677 | D:10     | Noticed a two-headed ogre
 12707 | D:10     | Killed a two-headed ogre
 12708 | D:10     | Reached skill level 1 in Shields
 12716 | D:10     | Killed a two-headed ogre
 12720 | D:10     | Killed a two-headed ogre
 12823 | D:10     | Found a hazy altar of Hepliaklqana.
 12826 | D:10     | Found a faded altar of an unknown god.
 12862 | D:10     | Found a sparkling altar of Nemelex Xobeh.
 12862 | D:10     | Found a transporter.
 12862 | D:10     | Noticed a stone giant
 12863 | D:10     | Noticed a red ugly thing
 12926 | D:10     | Noticed a two-headed ogre
 12935 | D:10     | Killed a two-headed ogre
 13123 | D:10     | Noticed a two-headed ogre
 13123 | D:10     | Noticed a two-headed ogre
 13123 | D:10     | Noticed a two-headed ogre
 13124 | D:10     | Noticed Erolcha
 13130 | D:10     | Killed Erolcha
 13136 | D:10     | Killed a two-headed ogre
 13143 | D:10     | Killed a two-headed ogre
 13182 | D:10     | Killed a two-headed ogre
 13189 | D:10     | Reached XP level 12. HP: 35/103 MP: 21/23
 13578 | D:11     | Found a staircase to the Orcish Mines.
 13868 | D:11     | Found an ancient bone altar of Kikubaaqudgha.
 14458 | Lair:1   | Entered Level 1 of the Lair of Beasts
 14458 | Lair:1   | Noticed Grum
 14477 | Lair:1   | Killed Grum
 14635 | Lair:1   | Reached *** piety under Kikubaaqudgha
 14635 | Lair:1   | Received a gift from Kikubaaqudgha
 14647 | Lair:1   | Learned a level 4 spell: Animate Dead
 14652 | Lair:1   | Learned a level 4 spell: Dispel Undead
 14658 | Lair:1   | Learned a level 5 spell: Borgnjor's Vile Clutch
 14829 | Lair:1   | Noticed Amaemon
 14849 | Lair:1   | Killed Amaemon
 15195 | Lair:1   | Noticed a catoblepas
 15195 | Lair:1   | Noticed a dire elephant
 15217 | Lair:1   | Found a runed translucent door.
 15530 | Lair:2   | Reached skill level 1 in Earth Magic
 16240 | Lair:2   | Found a staircase to the Shoals.
 16512 | Lair:2   | Reached **** piety under Kikubaaqudgha
 17247 | Lair:3   | Reached XP level 13. HP: 111/111 MP: 25/25
 17630 | Lair:3   | Reached skill level 5 in Shields
 17630 | Lair:3   | Reached skill level 10 in Necromancy
 18447 | Lair:4   | Reached skill level 10 in Summonings
 19278 | Lair:4   | Found a hole to the Spider Nest.
 19286 | Lair:4   | Reached ***** piety under Kikubaaqudgha
 19552 | Lair:5   | Found a staircase to the Slime Pits.
 19553 | Lair:5   | Found a viscous altar of Jiyva.
 19612 | Lair:5   | Reached skill level 10 in Fighting
 20270 | Lair:6   | Entered Level 6 of the Lair of Beasts
 20952 | Lair:6   | Gained mutation: Your tail ends in a venomous barb. [Green
                  | Draconian growth]
 20952 | Lair:6   | Reached XP level 14. HP: 122/122 MP: 22/27
 21004 | Lair:6   | Reached skill level 5 in Earth Magic
 21396 | Lair:6   | Reached skill level 1 in Evocations
 23386 | D:12     | Noticed Azrael
 23411 | D:12     | Killed from afar by Azrael

Illustrated notes

Levels and vault maps discovered:
D:1:      ldierk_water_garden, layout_basic
D:2:      layout_basic
D:3:      layout_basic, nicolae_vehumet_altar_sigil,
          hellmonk_ecumenical_altar_leap_of_faith
D:4:      layout_basic, lemuel_coloured_pillars_altar,
          cheibrodos_sewer_entry_sluice
D:5:      cheibrodos_iron_armory, layout_basic, serial_shops, shop
D:6:      layout_loops_cross, serial_shops, shop, uniq_sigmund,
          uniq_crazy_yiuf_cottage, uniq_edmund, uniq_pikel
D:7:      minmay_chambers_of_sixes, layout_rooms,
          mainiacjoe_overflow_tiny_flanked, minmay_temple_entry_glass,
          hangedman_decor_peaks_small
D:8:      layout_layer_cave, xom_confusion_cloud, led_sif_pool, serial_shops,
          nicolae_stop_n_shop_2, nicolae_concentric_dashed_squares_mild
D:9:      layout_basic, erik_lair_dragon, minmay_fractal_squares_diagonal_5
D:10:     lemuel_ogre_cave, layout_basic, pdpol_wu_jian_five_deadly_venoms,
          grunt_nemelex_the_gamble, mainiacjoe_overflow_alcove_4,
          kennysheep_mini, beargit_hepliaklqana_dungeon_heroes
D:11:     layout_roguey, erik_orc_4, kiku_gazebo_pond_becter
D:12:     nzn_winding_woodlands_large [nzn_winding_woodlands_hourglass,
          nzn_winding_woodlands_5x15_twine, nzn_winding_woodlands_5x5_three,
          nzn_winding_woodlands_center_lodge,
          nzn_winding_woodlands_15x15_killbox,
          nzn_winding_woodlands_center_diamonds,
          nzn_winding_woodlands_5x5_checkerboard,
          nzn_winding_woodlands_5x15_crooked,
          nzn_winding_woodlands_5x5_default], layout_irregular_city,
          serial_shops, bzr_entry_gold, nicolae_shop_sticking_my_neck_out,
          uniq_azrael
Temple:   minmay_temple_bridge_abc
Lair:1:   gammafunk_lair_enchanted_lake, layout_regular_city, uniq_amaemon,
          uniq_grum
Lair:2:   layout_misc_corridors, minmay_shoals_entry_beasts,
          beast_lair_carwin_6, serial_bayou_shore_b, lemuel_fruit_tree,
          serial_bayou_shore_b, grunt_megastairs_1
Lair:3:   layout_loops_ring
Lair:4:   layout_roguey, spider_nest_entry_funnel_web, kennysheep_rathole,
          serial_bayou_shore_b
Lair:5:   layout_loops_ring, slime_altar_1, grunt_megastairs_4
Lair:6:   hangedman_lair_in_review, layout_hall_layers

Skill      XL: |  1  2  3  4  5  6  7  8  9 10 11 12 13 14 |
---------------+-------------------------------------------+-----
Dodging        | 2 3 4 5 6 7 8 9 |  9.3
Fighting       | 1 2 3 4 5 6 7 8 9 10 | 10.7
Maces & Flails | 1 2 3 4 5 6 7 8 9 |  9.7
Necromancy     | 1 2 3 4 5 7 8 9 10 | 10.9
Spellcasting   | 3 4 5 6 7 8 9 |  9.4
Summonings     | 5 6 7 8 9 10 | 10.7
Shields        | 2 4 6 |  6.6
Earth Magic    | 2 4 5 |  5.2
Evocations     | 1 |  1.9
Stealth        | |  1.7

Action                   |  1- 3 |  4- 6 |  7- 9 | 10-12 | 13-15 || total
-------------------------+-------+-------+-------+-------+-------++-------
Melee: Unarmed           |     5 |       |       |       |       ||     5
       Tailslap          |    11 |    25 |    21 |    63 |    87 ||   207
       Whip              |    23 |       |     7 |       |       ||    30
       Trident           |    66 |   104 |       |       |       ||   170
       Spear             |     6 |       |   164 |   288 |       ||   458
       Flail             |       |    93 |       |     7 |       ||   100
       Punch             |       |       |       |     3 |       ||     3
       Demon whip        |       |       |       |   108 |   362 ||   470
       Broad axe         |       |       |       |    46 |    17 ||    63
 Cast: Summon Small Mamm |    25 |       |       |     1 |       ||    26
       Call Imp          |     2 |    10 |       |     8 |       ||    20
       Call Canine Famil |       |    15 |    22 |    55 |    35 ||   127
       Vampiric Draining |       |       |       |    24 |    42 ||    66
       Animate Dead      |       |       |       |    13 |    30 ||    43
       Summon Lightning  |       |       |       |     4 |    21 ||    25
Invok: Receive Corpses   |       |       |       |       |     3 ||     3
 Abil: Breathe Noxious F |       |       |    15 |    42 |    21 ||    78
  Use: Scroll            |       |       |     7 |     6 |     6 ||    19
       Potion            |       |       |     3 |     1 |     2 ||     6
 Stab: Sleeping          |     3 |     7 |     2 |     1 |       ||    13
       Distracted        |       |     1 |       |     3 |     3 ||     7
       Confused          |       |       |    13 |    11 |    16 ||    40
Armor: Skin              |    51 |    77 |    19 |   124 |   115 ||   386
Dodge: Dodged            |    99 |   132 |    60 |   248 |   183 ||   722
Block: Other             |       |       |    17 |    31 |       ||    48
       Kite shield       |       |       |       |   212 |   272 ||   484

Table legend: (Time is in decaauts)
 A = Elapsed time spent in this place.
 B = Non-inter-level travel time spent in this place.
 C = Inter-level travel time spent in this place.
 D = Time resting spent in this place.
 E = Time spent auto-exploring this place.
 F = Levels seen in this place.
 G = Mean time per level.
                   A        B        C        D        E       F      G
               +--------+--------+--------+--------+--------+-----+--------+
         Total |  23632 |  22673 |    959 |    737 |  17700 |  20 | 1181.6 |
       Dungeon |  14401 |  13722 |    679 |    549 |  10462 |  12 | 1200.1 |
        Temple |    213 |    213 |      0 |      0 |    187 |   1 |  213.0 |
          Lair |   8507 |   8228 |    279 |    188 |   6699 |   6 | 1417.8 |
         Sewer |    510 |    510 |      0 |      0 |    351 |   1 |  510.0 |
               +--------+--------+--------+--------+--------+-----+--------+

Top non-repeatable levels by time:
     D:9: 2826 daAuts
  Lair:6: 2145 daAuts
    D:10: 1733 daAuts
  Lair:2: 1542 daAuts
     D:4: 1358 daAuts
     D:5: 1344 daAuts
  Lair:1: 1338 daAuts
  Lair:4: 1260 daAuts
     D:8: 1140 daAuts
     D:3: 1114 daAuts
  Lair:5: 1112 daAuts
  Lair:3: 1109 daAuts
     D:6: 1107 daAuts
     D:2: 1049 daAuts
     D:1: 971 daAuts
